 Dungeon Crawl Stone Soup version 0.30-a0-578-gdee14c521f (webtiles) character file.

Game seed: 12812201837007827076

80322 avis the Marksdemigod (level 14, -12/172 (181) HPs)
             Began as a Demigod Ice Elementalist on Dec 31, 2022.
             Mangled by a bone dragon (13 damage)
             ... on level 3 of the Abyss.
             The game lasted 03:16:04 (24184 turns).

avis the Marksdemigod (Demigod Ice Elementalist)   Turns: 24184, Time: 03:16:05

HP:   -12/172 (181) AC: 36    Str:  9    XL:     14   Next: 83%
MP:   13/27         EV: -1    Int: 23    God:
Gold: 1057          SH:  0    Dex: 30    Spells: 9/25 levels left

rFire   . . .      SeeInvis .    a - +2 longbow (flame)
rCold   . . .      Faith    .    (shield currently unavailable)
rNeg    . . .      Spirit   .    (body armour currently unavailable)
rPois   +          Reflect  .    (helmet currently unavailable)
rElec   .          Harm     .    (cloak currently unavailable)
rCorr   .          Rampage  .    (gloves currently unavailable)
Will    +....      NoTele   +    (boots currently unavailable)
Stlth   +++                      V - amulet of regeneration
HPRegen 0.00/turn                M - +5 ring of evasion
MPRegen 0.20/turn                g - ring "Xues" {Int+6 Slay+3}

@: ice-armoured, tree-form, grasped by roots, sick, hasted, constricted, lightly
drained, very quick
A: stationary, stasis, torment immunity, boosted hp, high MP 1, forlorn, divine
attributes
a: no special abilities


You were on level 3 of the Abyss.
You were a tree.
You visited 5 branches of the dungeon, and saw 20 of its levels.
You visited the Abyss 1 time.

You collected 2084 gold pieces.
You spent 1027 gold pieces at shops.

Inventory:

Hand Weapons
 a - a +2 longbow of flaming (weapon)
 b - a +3 arbalest of freezing
 i - a +2 vampiric rapier
 w - a +3 scimitar of freezing
 S - a +4 scythe of freezing
 W - a +0 scimitar of flaming
Missiles
 t - 5 poisoned darts
 y - 4 throwing nets
Armour
 p - a +0 cloak
 x - a scarf of repulsion (melded)
 G - a +0 chain mail of cold resistance
 H - +0 steam dragon scales (melded)
 K - the +1 pair of gloves "Egops" (melded) {Int+6}
   (You found it on level 9 of the Dungeon)

   Int:       It affects your intelligence (+6).
 Q - a +2 pair of boots of rampaging (melded)
 U - a +2 helmet of intelligence (melded)
Jewellery
 g - the ring "Xues" (right branch) {Int+6 Slay+3}
   (You found it on level 9 of the Dungeon)

   [ring of intelligence]

   Int:       It affects your intelligence (+6).
   Slay:      It affects your accuracy & damage with ranged weapons and melee
   (+3).
 B - a ring of wizardry
 E - a ring of poison resistance
 M - a +5 ring of evasion (left branch)
 R - a ring of flight
 V - an amulet of regeneration (around neck)
Wands
 e - a wand of polymorph (6)
 l - a wand of digging (2)
 u - a wand of paralysis (15)
 v - a wand of roots (4)
 F - a wand of mindburst (16)
 L - a wand of flame (47)
 P - a wand of light (3)
Scrolls
 c - 4 scrolls of immolation {unknown}
 d - 5 scrolls of fog {unknown}
 f - 12 scrolls of teleportation {unknown}
 q - a scroll of summoning
 C - a scroll of magic mapping
 J - 3 scrolls of poison
 N - 2 scrolls of fear
Potions
 h - 4 potions of cancellation
 j - 3 potions of resistance
 k - 5 potions of might
 m - 4 potions of brilliance
 r - 3 potions of magic
 s - a potion of berserk rage
 A - 2 potions of haste
 D - a potion of mutation
 I - a potion of invisibility
 O - a potion of lignification
 T - 3 potions of ambrosia
Miscellaneous
 n - a lightning rod (4/4)


   Skills:
 - Level 10.0 Fighting
 - Level 8.0 Long Blades
 * Level 15.9 Ranged Weapons
 - Level 14.0 Dodging
 - Level 2.0 Stealth
 - Level 6.0 Spellcasting
 - Level 9.0 Ice Magic


You had 9 spell levels left.
You knew the following spells:

 Your Spells              Type           Power      Damage    Failure   Level
a - Freeze                Ice            100%       1d10      1%          1
b - Blink                 Tloc           12%        N/A       13%         2
o - Ozocubu's Armour      Ice            48%        N/A       1%          3
r - Frozen Ramparts       Ice            96%        1d15      1%          3
C - Ozocubu's Refrigerat  Ice            24%        4d12      87%         7

Your spell library contained the following spells:

 Spells                   Type           Power      Damage    Failure   Level
 Magic Dart               Conj           24%        1d4       9%          1
 Slow                     Hex            24%        N/A       9%          1
 Call Imp                 Summ           6%         N/A       13%         2
 Summon Ice Beast         Ice/Summ       27%        N/A       13%         4
 Confusing Touch          Hex            6%         N/A       26%         3
 Dazzling Flash           Conj/Hex       12%        N/A       26%         3
 Gell's Gravitas          Tloc           6%         N/A       26%         3
 Ignite Poison            Fire/Tmut/Pois 6%         N/A       26%         3
 Inner Flame              Hex/Fire       6%         N/A       26%         3
 Lesser Beckoning         Tloc           12%        N/A       26%         3
 Mephitic Cloud           Conj/Pois/Air  6%         N/A       26%         3
 Portal Projectile        Hex/Tloc       12%        N/A       26%         3
 Teleport Other           Tloc           6%         N/A       26%         3
 Tukima's Dance           Hex            6%         N/A       26%         3
 Vampiric Draining        Necr           6%         2d6       26%         3
 Vhi's Electric Charge    Tloc/Air       12%        N/A       26%         3
 Freezing Cloud           Conj/Ice/Air   10%        6-21      56%         5
 Airstrike                Air            3%         2d(1-17)  63%         4
 Anguish                  Hex/Necr       3%         N/A       63%         4
 Cause Fear               Hex            3%         N/A       63%         4
 Iskenderun's Mystic Bla  Conj/Tloc      6%         2d4       63%         4
 Sticky Flame             Conj/Fire      6%         2d3       63%         4
 Arcjolt                  Conj/Air       3%         1d13      93%         5
 Blade Hands              Tmut           3%         N/A       93%         5
 Fireball                 Conj/Fire      3%         3d4       93%         5
 Iskenderun's Battlesphe  Conj           6%         2d6       93%         5
 Lightning Bolt           Conj/Air       3%         1d14      93%         5
 Yara's Violent Unravell  Hex/Tmut       3%         3d4       93%         5
 Conjure Ball Lightning   Conj/Air       3%         3x3d6     100%        6
 Dispersal                Tloc           3%         N/A       100%        6
 Starburst                Conj/Fire      3%         6d3       100%        6
 Enfeeble                 Hex            3%         N/A       100%        7
 Orb of Destruction       Conj           3%         9d5       100%        7
 Storm Form               Tmut/Air       3%         N/A       100%        7
 Discord                  Hex            3%         N/A       100%        8
 Maxwell's Capacitive Co  Air            3%         ∞         100%        8


Dungeon Overview and Level Annotations

Branches:
Dungeon (11/15)            Temple (1/1) D:7            Lair (5/5) D:8
  Swamp (1/4) Lair:2       Spider (0/4) Lair:3        Slime (0/5) Lair:5
    Orc (2/2) D:10            Elf (0/3) Orc:2

Shops:
D:1 (   D:6 *   D:9 [   D:10 :   Orc:1 [   Orc:2 ([=*

Annotations:
Swamp:1 Louise


Innate Abilities, Weirdness & Mutations

You are a tree.
Your roots penetrate the ground, keeping you stationary.
You cannot be teleported.
You are immune to unholy pain and torment.
Your maximum health is greatly increased.
Your equipment is partially melded.
You have an increased reservoir of magic. (+10% MP)
You shall have no god before yourself.
Your divine heritage dramatically boosts your attributes as you level up.


Message History

The bone dragon bites you!
* * * LOW HITPOINT WARNING * * *
The bone dragon claws you but does no damage.
The bone dragon tramples you but does no damage.
The grasping roots constrict you.
Fire: a) +2 longbow (flame)
Press: ? - help, Q - select action, (/) - cycle Shift-Dir - straight line, f/p - satyr
Aim: a satyr, wielding a +5 longbow (moderately wounded, inspiring fear, 73% to hit)
You shoot an arrow. The arrow hits the satyr!!
The arrow burns the satyr!
The satyr is almost dead.
The satyr shoots an arrow.
The arrow hits you.
* * * LOW HITPOINT WARNING * * *
The bone dragon bites you but does no damage.
The bone dragon claws you but does no damage.
The bone dragon tramples you!
* * * LOW HITPOINT WARNING * * *
You feel better. The grasping roots constrict you.
The satyr plays a lulling melody on his pipes!
You struggle to resist.
Fire: a) +2 longbow (flame)
Press: ? - help, Q - select action, (/) - cycle Shift-Dir - straight line, f/p - satyr
Aim: a satyr, wielding a +5 longbow (almost dead, inspiring fear, 73% to hit)
You shoot an arrow. The arrow hits the satyr.
The arrow burns the satyr.
The satyr is almost dead.
The bone dragon bites you!
* * * LOW HITPOINT WARNING * * *
The bone dragon claws you!
* * * LOW HITPOINT WARNING * * *
The bone dragon tramples you but does no damage.
Fire: a) +2 longbow (flame)
Press: ? - help, Q - select action, (/) - cycle Shift-Dir - straight line, f/p - satyr
Aim: a satyr, wielding a +5 longbow (almost dead, inspiring fear, 73% to hit)
You shoot an arrow. The arrow hits the satyr!
The arrow burns the satyr.
You are no longer terrified.
You kill the satyr!
The grasping roots constrict you.
The bone dragon bites you but does no damage.
The bone dragon claws you but does no damage.
The bone dragon tramples you!
You die...

♣ ○ ⌠ .. . ## # . #
#⌠† ≈ .# ### .≈ φ
#..#.##. §.. .⌠ #.#
#.# ...§ ♣⌠ ## #⌠.# .
..≈.§ ~ c~.#
#####†#S###..≈..§ fR f
♣†.⌠.f.fQD♣)....≈§
♣≈~♣.f###.######§#....
♣.).. ..#.# .. # ⌠.⌠
#. # #. ## ....## . #
....# # . .## . # ## #
#.. .


You could see a bone dragon, 2 shambling mangroves, a tengu reaver and a
guardian serpent.

Vanquished Creatures
  An Executioner (Abyss:3)
  A deep elf sorcerer (Abyss:3)
  A reaper (Abyss:3)
  Nessos (Orc:2)
  2 eleionomae (Lair:2)
  Snorg (Orc:2)
  A dire elephant (Abyss:3)
  2 bunyips (Lair:2)
  A fire dragon (Lair:5)
  Josephine (D:10)
  A rakshasa (Abyss:3)
  Erolcha (D:10)
  4 hydras
  The ghost of lotum the Martial Artist, a journeyman OpTm (D:9)
  An ogre mage (Orc:2)
  3 alligators
  A boulder beetle (D:11)
  A satyr (Abyss:3)
  Urug (Lair:4)
  A two-headed ogre (Orc:2)
  3 orc high priests (Orc:2)
  2 bog bodies
  2 spriggan druids
  6 orc knights
  A phantasmal warrior (Lair:2)
  A lindwurm (Lair:5)
  5 orc sorcerers
  The ghost of gelatine the Magician, a novice DsHW of Vehumet (D:7)
  A will-o-the-wisp (Swamp:1)
  3 worldbinders (Abyss:3)
  Maurice (D:9)
  2 cyclopes
  11 elephants (Lair:2)
  Joseph (D:9)
  2 molten gargoyles (Lair:5)
  9 black mambas
  2 water nymphs (Abyss:3)
  15 cane toads
  Psyche (D:10)
  13 komodo dragons
  2 rime drakes (Lair:3)
  An efreet (Abyss:3)
  An ancient zyme (Abyss:3)
  3 hornets
  A tyrant leech (Lair:2)
  A polar bear (Lair:1)
  3 large abominations (Abyss:3)
  5 trolls
  4 raiju (Abyss:3)
  7 blink frogs
  5 dream sheep
  2 ynoxinuls (Abyss:3)
  5 wraiths (D:10)
  7 wyverns
  6 shadows
  A human (Lair:2)
  3 spriggans
  49 yaks
  8 basilisks
  7 steam dragons
  3 neqoxecs
  Grum (D:8)
  2 chaos spawn (Abyss:3)
  10 swamp worms
  3 wargs
  Edmund (D:6)
  A naga zombie (Abyss:3)
  A two-headed ogre zombie (D:10)
  27 water moccasins
  A small abomination (Abyss:3)
  Duvessa (D:4)
  6 hell hounds
  3 sky beasts
  An ice beast (D:7)
  19 orc warriors
  9 ogres
  6 centaurs
  26 wolves
  A phantom (D:5)
  3 kobold brigands
  A gnoll sergeant (D:8)
  3 scorpions
  10 bullfrogs
  3 wights (D:7)
  Dowan (D:4)
  A troll zombie (D:10)
  9 killer bees
  2 electric eels (Lair:1)
  5 howler monkeys
  5 lava snakes (Lair:5)
  4 jellies
  3 quasits (D:9)
  A hound (D:7)
  17 orc priests
  2 gnoll boudas
  2 iguanas
  24 orc wizards
  Natasha (thrice) (D:4)
  6 ogre zombies (D:10)
  7 adders
  19 gnolls
  A shadow imp (D:6)
  A worm (D:2)
  2 dart slugs
  79 orcs
  3 ball pythons
  7 bats
  6 endoplasms
  2 giant cockroaches
  8 goblins
  10 hobgoblins
  7 jackals
  3 quokkas
  2 frilled lizards
  4 goblin skeletons (D:10)
  A hobgoblin zombie (D:10)
  19 kobolds
  2 orc skeletons (D:10)
  18 orc zombies (D:10)
  3 rats
  6 briar patches (D:10)
667 creatures vanquished.

Vanquished Creatures (others)
  A water elemental (Abyss:3)
  A sky beast (D:7)
  An orc (Orc:1)
  2 foxfires (Swamp:1)
  11 fungi
  37 plants
53 creatures vanquished.

Grand Total: 720 creatures vanquished

Notes
Turn   | Place    | Note
-------+----------+-------------------------------------------
     0 | D:1      | avis the Demigod Ice Elementalist began the quest for the
                  | Orb.
     0 | D:1      | Reached XP level 1. HP: 14/14 MP: 5/5
   149 | D:1      | Reached XP level 2. HP: 20/20 MP: 0/7
   285 | D:1      | Found Hifeh's Antique Weapon Shoppe.
  1084 | D:2      | Reached XP level 3. HP: 23/27 MP: 4/9
  1234 | D:2      | Reached skill level 1 in Fighting
  1427 | D:2      | Got the Atlas of the Squall and the Tesseract
  1542 | D:2      | Learned a level 3 spell: Frozen Ramparts
  1546 | D:2      | Learned a level 3 spell: Ozocubu's Armour
  1943 | D:1      | Bought a glowing sling for 139 gold pieces
  2218 | D:3      | Reached XP level 4. HP: 36/36 MP: 3/10
  3417 | D:4      | Noticed Duvessa
  3425 | D:4      | Killed Duvessa
  3426 | D:4      | Reached skill level 2 in Ranged Weapons
  3426 | D:4      | Reached XP level 5. HP: 43/45 MP: 5/11
  3426 | D:4      | Noticed Dowan
  3443 | D:4      | Killed Dowan
  3444 | D:4      | Reached skill level 3 in Ranged Weapons
  3586 | D:4      | Reached XP level 6. HP: 43/44 MP: 1/12
  3589 | D:4      | Reached skill level 4 in Ranged Weapons
  3847 | D:4      | Noticed Natasha
  3853 | D:4      | Killed Natasha
  4247 | D:4      | Noticed Natasha
  4249 | D:4      | Killed Natasha
  4351 | D:5      | Entered Level 5 of the Dungeon
  4455 | D:4      | Noticed Natasha
  4460 | D:4      | Killed Natasha
  4775 | D:5      | Reached XP level 7. HP: 57/57 MP: 13/13
  4935 | D:5      | Identified the +0 leather armour of the Valley of Death
                  | {-Tele rPois rC+ rN+}
  4950 | D:5      | Learned a level 2 spell: Blink
  4967 | D:5      | Got the Spellbook of Fire and the Sky
  5075 | D:5      | Noticed a shadow
  5209 | D:6      | Noticed a steam dragon
  5221 | D:6      | Killed a steam dragon
  5305 | D:6      | Found Unkukh's Assorted Antiques.
  5314 | D:6      | Reached skill level 5 in Ranged Weapons
  5383 | D:6      | Bought a cyan potion for 19 gold pieces
  5383 | D:6      | Bought a cyan potion for 19 gold pieces
  5383 | D:6      | Bought a scroll labelled NISHREU CIOCW for 22 gold pieces
  5383 | D:6      | Bought a scroll labelled TUONNE JAESO for 22 gold pieces
  5486 | D:6      | Noticed Edmund
  5496 | D:6      | Killed Edmund
  5497 | D:6      | Reached skill level 6 in Ranged Weapons
  5621 | D:6      | Reached XP level 8. HP: 62/66 MP: 4/14
  5655 | D:6      | Reached skill level 5 in Dodging
  6425 | D:7      | Reached skill level 5 in Fighting
  6681 | D:7      | Reached skill level 7 in Ranged Weapons
  7007 | D:7      | Reached XP level 9. HP: 72/74 MP: 12/16
  7060 | D:7      | You fall into a shaft and drop 3 floors!
  7060 | D:10     | Entered Level 10 of the Dungeon
  7088 | D:10     | Reached skill level 8 in Ranged Weapons
  7088 | D:10     | Reached skill level 1 in Long Blades
  7242 | D:10     | Found Sissafumn's Book Shop.
  7432 | D:8      | Found a staircase to the Lair.
  7615 | D:8      | Noticed Grum
  7623 | D:8      | Reached skill level 5 in Ice Magic
  7623 | D:8      | Reached XP level 10. HP: 81/81 MP: 8/17
  7633 | D:8      | Killed Grum
  7910 | D:7      | Reached skill level 5 in Long Blades
  7971 | D:7      | Found a runed translucent gate.
  7971 | D:7      | Found a runed translucent gate.
  7971 | D:7      | Found a runed translucent gate.
  7976 | D:7      | Noticed gelatine's ghost (novice DsHW)
  8136 | D:7      | Found a staircase to the Ecumenical Temple.
  8147 | Temple   | Entered the Ecumenical Temple
  9379 | D:9      | Noticed Joseph
  9421 | D:9      | Killed Joseph
  9422 | D:9      | Reached skill level 9 in Ranged Weapons
  9504 | D:9      | Noticed Maurice
  9519 | D:9      | Killed Maurice
  9626 | D:9      | Found Litausu's Antique Armour Boutique.
  9732 | D:9      | Noticed lotum's ghost (journeyman OpTm)
  9784 | D:9      | Found a transporter.
  9808 | D:9      | Identified the +1 pair of gloves "Egops" {Int+6}
  9868 | D:9      | Reached skill level 10 in Ranged Weapons
  9935 | D:9      | Found a transporter.
 10440 | D:10     | Bought Ozocubu's Autobiography for 336 gold pieces
 10472 | Lair:1   | Entered Level 1 of the Lair of Beasts
 10476 | Lair:1   | Noticed a black mamba
 10499 | D:8      | Reached XP level 11. HP: 67/89 MP: 6/19
 10939 | Lair:1   | Reached skill level 10 in Dodging
 11909 | Lair:1   | Learned a level 7 spell: Ozocubu's Refrigeration
 12234 | Lair:2   | Found a staircase to the Swamp.
 12681 | Lair:2   | Reached XP level 12. HP: 100/100 MP: 14/20
 13045 | Lair:2   | Found a runed translucent door.
 13597 | Lair:1   | Upgraded the game from 0.30-a0-576-g89cddaab80 to
                  | 0.30-a0-578-gdee14c521f
 14281 | Lair:3   | Identified the +6 flail of Change {heavy, Dex+2 Stlth+}
 14698 | Lair:3   | Found a hole to the Spider Nest.
 15453 | Lair:4   | Noticed an eight-headed hydra
 15464 | Lair:4   | Killed an eight-headed hydra
 15468 | Lair:4   | Reached skill level 5 in Spellcasting
 16608 | Lair:1   | Identified 2 scrolls of acquirement
 16612 | Lair:1   | Acquired a manual of Ranged Weapons
 16614 | Lair:1   | Acquired a +3 arbalest of freezing
 16758 | D:10     | Noticed Psyche
 16761 | D:10     | Killed Psyche
 16763 | D:10     | Found a transporter.
 16809 | D:10     | Found a staircase to the Orcish Mines.
 16970 | D:10     | Found a transporter.
 16997 | D:10     | Noticed Josephine
 17041 | D:10     | Killed Josephine
 17070 | D:10     | Noticed Erolcha
 17086 | D:10     | Killed Erolcha
 17208 | D:10     | Reached XP level 13. HP: 111/111 MP: 26/26
 17768 | Lair:5   | Entered Level 5 of the Lair of Beasts
 17809 | Lair:4   | Reached skill level 11 in Ranged Weapons
 17993 | Lair:5   | Noticed Urug
 18009 | Lair:4   | Reached skill level 12 in Ranged Weapons
 18242 | Lair:4   | Killed Urug
 18343 | Lair:5   | Reached skill level 13 in Ranged Weapons
 18511 | Lair:5   | Found a staircase to the Slime Pits.
 18544 | Lair:5   | Reached skill level 14 in Ranged Weapons
 18879 | Lair:5   | Reached skill level 15 in Ranged Weapons
 19248 | Lair:5   | Found a large runed translucent door.
 19249 | Lair:5   | Found a large runed translucent door.
 19315 | Lair:5   | Identified the +6 ice dragon scales "Cugginloy" {rF- rC++
                  | Dex+3 SInv}
 20066 | D:7      | Killed gelatine's ghost
 20251 | D:9      | Killed lotum's ghost
 20325 | D:9      | Identified the ring "Xues" {Int+6 Slay+3}
 21371 | Orc:1    | Entered Level 1 of the Orcish Mines
 21605 | Orc:1    | Found Annump's Antique Armour Boutique.
 21666 | Orc:1    | Bought a glowing helmet for 255 gold pieces
 21799 | Orc:1    | You fall into a shaft and drop 1 floor!
 21799 | Orc:2    | Entered Level 2 of the Orcish Mines
 21847 | Orc:2    | Found a staircase to the Elven Halls.
 22101 | Orc:2    | Noticed Nessos
 22116 | Orc:2    | Killed Nessos
 22117 | Orc:2    | Reached XP level 14. HP: 118/118 MP: 22/27
 22161 | Orc:1    | Noticed Snorg
 22171 | Orc:2    | Killed Snorg
 23069 | Orc:2    | Found Ewitwucy's Weapon Shoppe.
 23069 | Orc:2    | Found Kahihouz's General Store.
 23071 | Orc:2    | Found Daryess's Jewellery Boutique.
 23071 | Orc:2    | Found Jaiguf's Armour Shoppe.
 23089 | Orc:2    | Bought a +2 helmet of intelligence for 215 gold pieces
 23281 | Swamp:1  | Entered Level 1 of the Swamp
 23288 | Swamp:1  | Reached skill level 10 in Fighting
 23751 | Swamp:1  | Noticed Louise
 23765 | Abyss:3  | Cast into level 3 of the Abyss (Louise)
 23850 | Abyss:3  | Noticed an Executioner
 23855 | Abyss:3  | Killed an Executioner
 23909 | Abyss:3  | Noticed a reaper
 23922 | Abyss:3  | Killed a reaper
 24035 | Abyss:3  | Noticed a deep elf sorcerer
 24048 | Abyss:3  | Killed a deep elf sorcerer
 24146 | Abyss:3  | Noticed a tengu reaver
 24162 | Abyss:3  | Noticed a bone dragon
 24168 | Abyss:3  | HP: 3/115 [constriction (13)]
 24183 | Abyss:3  | HP: 1/172 [bone dragon (11)]
 24184 | Abyss:3  | Mangled by a bone dragon

Illustrated notes

Levels and vault maps discovered:
D:1:      evilmike_arrival_rings, layout_loops_ring, serial_shops, shop_coins
D:2:      layout_basic
D:3:      cheibrodos_greedy_goblins, layout_basic, basic_ecumenical_altar
D:4:      layout_loops_ring, vehumet_crystals,
          mainiacjoe_overflow_small_starburst, uniq_duvessa, uniq_natasha
D:5:      layout_rooms, riverfiend_overflow_shadow_ancestor, serial_curves,
          eino_curves_02, eino_curves_04
D:6:      layout_cave_pools, tso_metal_star, mainiacjoe_overflow_paths,
          kennysheep_little_box, serial_shops, nicolae_diamond_shop, uniq_edmund
D:7:      layout_loops_cross, temple_doors_cd, ebering_ghost_rock_garden,
          hangedman_misty_isle
D:8:      layout_basic, nicolae_ru_awakened_eye, minmay_lair_entry_grove,
          uniq_grum
D:9:      layout_loops_corners, serial_shops, nicolae_shop_stone,
          gammafunk_ghost_stat_death, uniq_joseph, uniq_maurice
D:10:     gammafunk_worm_tunnel, layout_irregular_city, zombieorc2_lemuel,
          serial_shops, shop, uniq_josephine, uniq_erolcha, uniq_psyche
D:11:     layout_rooms
Temple:   nicolae_temple_bog_church
Lair:1:   layout_roguey, infiniplex_staircase_pool, grunt_megastairs_5,
          serial_bayou_shore_a
Lair:2:   layout_roguey, swamp_mist_pool, pdpol_lair_cabin_in_the_woods,
          grunt_megastairs_2
Lair:3:   layout_cave_pods, dummy_spider_entry, worms_lemuel
Lair:4:   layout_misc_corridors
Lair:5:   cheibrodos_lair_end_hotspot, layout_hall_layers, slime_entry_1,
          uniq_urug
Swamp:1:  layout_basic_swamp, evilmike_swamp_ruin_house_2,
          cheibrodos_swamp_minitomb, uniq_louise
Orc:1:    layout_caves, serial_shops, shop, mines2_david, uniq_snorg
Orc:2:    grunt_orc_tribal_feast, layout_caves, uniq_nessos
Abyss:3:  base: D:4, minivault_24, hangedman_decor_points,
          grunt_abyss_rune_forest_and_sorcery

Skill      XL: |  1  2  3  4  5  6  7  8  9 10 11 12 13 14 |
---------------+-------------------------------------------+-----
Ice Magic      | 4 5 6 9 |  9.0
Spellcasting   | 2 3 6 |  6.0
Fighting       | 2 3 4 5 6 7 9 10 | 10.0
Dodging        | 2 4 6 8 10 12 13 14 | 14.0
Stealth        | 2 |  2.0
Ranged Weapons | 2 3 4 6 7 8 10 15 | 15.9
Long Blades    | 4 6 8 |  8.0

Action                   |  1- 3 |  4- 6 |  7- 9 | 10-12 | 13-15 || total
-------------------------+-------+-------+-------+-------+-------++-------
Melee: Dagger            |    13 |       |       |       |       ||    13
       Scimitar          |       |       |    36 |    14 |       ||    50
 Fire: Sling             |     4 |   114 |   274 |   789 |       ||  1181
       Arbalest          |       |       |       |    80 |   392 ||   472
       Longbow           |       |       |       |       |   360 ||   360
 Cast: Freeze            |    53 |       |       |     1 |       ||    54
       Frozen Ramparts   |     2 |    13 |    21 |    81 |    34 ||   151
       Ozocubu's Armour  |     2 |     8 |    24 |    68 |    91 ||   193
       Blink             |       |       |     1 |     1 |     5 ||     7
Evoke: Wand              |       |       |       |     1 |       ||     1
  Use: Scroll            |       |       |    13 |    10 |     4 ||    27
       Potion            |       |       |     3 |     1 |    18 ||    22
 Stab: Sleeping          |     2 |       |       |       |       ||     2
Armor: Robe              |    11 |    19 |     7 |       |       ||    37
       Steam dragon scal |       |       |    57 |   129 |   106 ||   292
       Skin              |       |       |       |       |     9 ||     9
Dodge: Dodged            |    39 |    19 |   158 |   561 |   871 ||  1648
       Repelled          |       |       |       |       |     2 ||     2

Table legend: (Time is in decaauts)
 A = Elapsed time spent in this place.
 B = Non-inter-level travel time spent in this place.
 C = Inter-level travel time spent in this place.
 D = Time resting spent in this place.
 E = Time spent auto-exploring this place.
 F = Levels seen in this place.
 G = Mean time per level.
                   A        B        C        D        E       F      G
               +--------+--------+--------+--------+--------+-----+--------+
         Total |  24363 |  21208 |   3155 |   5722 |   9155 |  21 | 1160.1 |
       Dungeon |  13477 |  11550 |   1927 |   3250 |   5420 |  11 | 1225.2 |
        Temple |     40 |     36 |      4 |      0 |      0 |   1 |   40.0 |
          Lair |   8633 |   7542 |   1091 |   2012 |   3411 |   5 | 1726.6 |
         Swamp |    156 |    156 |      0 |     37 |      5 |   1 |  156.0 |
  Orcish Mines |   1658 |   1526 |    132 |    357 |    318 |   2 |  829.0 |
         Abyss |    396 |    396 |      0 |     66 |      0 |   1 |  396.0 |
               +--------+--------+--------+--------+--------+-----+--------+

Top non-repeatable levels by time:
  Lair:2: 2451 daAuts
    D:10: 1772 daAuts
     D:7: 1682 daAuts
  Lair:3: 1596 daAuts
  Lair:5: 1586 daAuts
     D:9: 1567 daAuts
  Lair:4: 1533 daAuts
  Lair:1: 1465 daAuts
     D:4: 1392 daAuts
     D:8: 1329 daAuts
     D:6: 1286 daAuts
     D:2: 1225 daAuts
     D:3: 1152 daAuts
   Orc:2: 1092 daAuts
     D:1: 1031 daAuts
